 Dungeon Crawl Stone Soup version 0.27-a0-811-ga052575696 (webtiles) character file.

Game seed: 1015876988668620313

54 Alado the Conjurer (level 3, 0/26 HPs)
             Began as a Draconian Conjurer on Mar 29, 2021.
             Slain by Robin
             ... wielding a +0 club
              (1 damage)
             ... on level 2 of the Dungeon.
             The game lasted 00:07:47 (1676 turns).

Alado the Conjurer (Draconian Conjurer)             Turns: 1676, Time: 00:07:48

Health: 0/26       AC:  5    Str:  9    XL:     3   Next: 66%
Magic:  0/6        EV: 12    Int: 19    God:
Gold:   46         SH:  0    Dex:  9    Spells: 3/6 levels left

rFire    + . .     SeeInvis .   c - staff of fire
rCold    . . .     Faith    .   (no shield)
rNeg     . . .     Spirit   .   (armour unavailable)
rPois    .         Reflect  .   (helmet restricted)
rElec    .         Harm     .   (no cloak)
rCorr    .         Rampage  .   (no gloves)
Will     .....                  (no boots)
Stlth    ++........             (no amulet)
HPRegen  0.08/turn              (no ring)
MPRegen  0.10/turn              (no ring)

@: no status effects
A: AC +5, unfitting armour, cold-blooded
a: no special abilities


You were on level 2 of the Dungeon.
You visited 1 branch of the dungeon, and saw 2 of its levels.

You collected 46 gold pieces.

Inventory:

Hand Weapons
 a - a +0 dagger
 b - a +0 short sword
Magical Staves
 c - a staff of fire (weapon)


   Skills:
 + Level 0.1 Staves
 + Level 2.0 Dodging
 + Level 1.9 Stealth
 + Level 2.2 Spellcasting
 + Level 5.1 Conjurations


You had 3 spell levels left.
You knew the following spells:

 Your Spells              Type           Power      Damage    Failure   Level
a - Magic Dart            Conj           84%        1d7       1%          1
b - Searing Ray           Conj           42%        3d4       3%          2

Your spell library contained the following spells:

 Spells                   Type           Power      Damage    Failure   Level
 Conjure Flame            Conj/Fire      17%        6-21      17%         3
 Dazzling Flash           Conj/Hex       22%        N/A       17%         3
 Mephitic Cloud           Conj/Pois/Air  8%         N/A       24%         3
 Blink                    Tloc           N/A        N/A       26%         2
 Call Imp                 Summ           2%         N/A       26%         2
 Slow                     Hex            2%         N/A       26%         2
 Fulminant Prism          Conj/Hex       5%         3d7       50%         4
 Iskenderun's Mystic Bla  Conj/Tloc      11%        2d4       50%         4


Dungeon Overview and Level Annotations

Branches:
Dungeon (2/15)

Altars:

Shops:
D:1 (

Annotations:
D:2 Robin


Innate Abilities, Weirdness & Mutations

Your plain brown scales are hard. (AC +5)
You cannot fit into any form of body armour.
You are cold-blooded and may be slowed by cold attacks.


Message History

You closely miss the hobgoblin.
The hobgoblin is severely wounded.
The hobgoblin barely misses you.
You hit the hobgoblin.
You kill the hobgoblin!
You hit the hobgoblin but do no damage. The hobgoblin barely misses you.
You hit the hobgoblin but do no damage. The hobgoblin hits you!
You barely miss the hobgoblin. The hobgoblin closely misses you.
Robin roars a battlecry!
The hobgoblin goes into a battle-frenzy!
You barely miss the hobgoblin.
The hobgoblin hits you but does no damage.
The hobgoblin hits you.
You hit the hobgoblin.
The hobgoblin is almost dead.
The hobgoblin barely misses you.
You hit the hobgoblin.
You kill the hobgoblin!
You closely miss the hobgoblin.
You tail-slap the hobgoblin, but do no damage.
The hobgoblin hits you.
You closely miss the hobgoblin. The hobgoblin hits you!
* * * LOW HITPOINT WARNING * * *
Casting: Searing Ray (safe; 3% risk of failure)
Confirm with . or Enter, or press ? or * to list all spells.
Aiming: Searing Ray (safe; 3% risk of failure)
Press: ? - help, Shift-Dir - straight line, f - hobgoblin
Aim: a hobgoblin (strong, 22% to evade)
The searing ray hits the hobgoblin!
You kill the hobgoblin!
The searing ray hits Robin.
Robin is moderately wounded.
The searing ray hits the hobgoblin!
You kill the hobgoblin! (Press . to maintain the ray.)
Your Dodging skill increases to level 2!
You hit Robin but do no damage. You tail-slap Robin.
Robin is heavily wounded.
Robin hits you with a +0 club.
You die...

.#.... ......
..... .......
#.... .......
#...##.....##
.......#....
#.......###
#<.........
#.#.#########.
#g#.)g@.......
#g##########..
.).


#gg #.g. #... #.g.. You could see Robin.

Vanquished Creatures
  2 dart slugs (D:1)
  3 bats (D:1)
  5 endoplasms (D:1)
  A giant cockroach (D:1)
  7 goblins
  9 hobgoblins
  4 jackals (D:1)
  A kobold (D:1)
  5 ball pythons
  A frilled lizard (D:1)
  4 rats (D:1)
42 creatures vanquished.

Vanquished Creatures (others)
  A fungus (D:2)
1 creature vanquished.

Grand Total: 43 creatures vanquished

Notes
Turn   | Place    | Note
-------+----------+-------------------------------------------
     0 | D:1      | Alado the Draconian Conjurer began the quest for the Orb.
     0 | D:1      | Reached XP level 1. HP: 14/14 MP: 3/3
    15 | D:1      | Found Sabreg's Weapon Boutique.
   264 | D:1      | Reached XP level 2. HP: 15/20 MP: 0/5
   914 | D:1      | Reached XP level 3. HP: 15/26 MP: 0/6
  1052 | D:1      | Learned a level 2 spell: Searing Ray
  1648 | D:2      | Noticed Robin
  1652 | D:2      | Reached skill level 5 in Conjurations
  1674 | D:2      | HP: 1/26 [hobgoblin[Robin] (7)]
  1676 | D:2      | Slain by Robin

Illustrated notes

Levels and vault maps discovered:
D:1:      lemuel_arrival_broad_hall, layout_loops_ring, serial_shops, shop
D:2:      layout_basic, ashenzari_altar_1, uniq_robin, uniq_crazy_yiuf_cottage,
          uniq_sigmund

Skill      XL: |  1  2  3 |
---------------+----------+-----
Conjurations   | 5 |  5.1
Dodging        | 2 |  2.0
Staves         | |  0.1
Stealth        | |  1.9
Spellcasting   | |  2.2

Action                   || total
-------------------------++-------
Melee: Dagger            ||     7
       Staff             ||    47
       Tailslap          ||     9
 Cast: Magic Dart        ||    54
       Searing Ray       ||     3
  Use: Scroll            ||     2
       Potion            ||     1
Armor: Skin              ||    18
Dodge: Dodged            ||    45

Table legend: (Time is in decaauts)
 A = Elapsed time spent in this place.
 B = Non-inter-level travel time spent in this place.
 C = Inter-level travel time spent in this place.
 D = Time resting spent in this place.
 E = Time spent auto-exploring this place.
 F = Levels seen in this place.
 G = Mean time per level.
                   A        B        C        D        E       F      G
               +--------+--------+--------+--------+--------+-----+--------+
         Total |   1689 |   1672 |     17 |    580 |    887 |   2 |  844.5 |
       Dungeon |   1689 |   1672 |     17 |    580 |    887 |   2 |  844.5 |
               +--------+--------+--------+--------+--------+-----+--------+

Top non-repeatable levels by time:
     D:1: 1656 daAuts
     D:2: 32 daAuts
